General information
- name: BNet
- type: Ladder team game (AT/RT)
- host: Battle.net
- saver: BIGBABOON
map: Deadlock
- players: 8
- length: 23:28
- speed: Fast
- version: 1.26 W3XP
- replay type: Public
» download(174 KB)
Players
team 1 (loser)
xyzs (
teal | 49 APM | 1029 actions | 21:04)
2 Mountain King
1 Storm Bolt
1 Bash
1 Paladin
1 Holy Light
» actions
| Assign group hotkey | 6 | |
| Basic commands | 1 | |
| Build / train | 50 | |
| Enter build submenu | 18 | |
| Enter hero's abilities submenu | 3 | |
| Give item / drop item | 1 | |
| Right click | 564 | |
| Select / deselect | 320 | |
| Select group hotkey | 12 | |
| Use ability | 54 | |
1029 total
» units
| Peasant | 13 | |
| Footman | 1 | |
| Rifleman | 12 | |
| Gryphon Rider | 4 | |
30 total
» upgrades
| Gunpowder | 1 | |
| Armor | 1 | |
| Long Rifles | 1 | |
| Lumber Harvesting | 2 | |
| Swords | 1 | |
6 total
» buildings
| Altar of Kings | 1 | |
| Farm | 7 | |
| Barracks | 1 | |
| Blacksmith | 1 | |
| Scout Tower | 6 | |
| Arcane Tower | 2 | |
| Lumber Mill | 1 | |
| Keep | 1 | |
| Arcane Vault | 1 | |
| Castle | 1 | |
| Town Hall | 1 | |
| Guard Tower | 2 | |
| Gryphon Aviary | 2 | |
27 total
» build order
00:10 Altar of Kings
00:14 Farm
00:21 Barracks
01:24 Blacksmith
01:32 Farm
02:15 Farm
02:20 Scout Tower
02:49 Arcane Tower
03:06 Farm
04:17 Lumber Mill
04:50 Keep
05:09 Farm
07:15 Farm
07:16 Farm
07:22 Arcane Vault
08:03 Castle
10:34 Town Hall
10:38 Scout Tower
10:39 Scout Tower
10:41 Scout Tower
10:42 Scout Tower
10:46 Scout Tower
11:36 Arcane Tower
11:38 Guard Tower
11:50 Gryphon Aviary
13:39 Gryphon Aviary
13:57 Guard Tower
» items
| Boots of Speed | 1 | |
| Scroll of Town Portal | 1 | |
| Scroll of Regeneration | 1 | |
3 total
BIGBABOON (
blue | 60 APM | 1413 actions | 23:28)
6 Archmage
3 Summon Water Elemental
2 Brilliance Aura
1 Mass Teleport
» actions
| Assign group hotkey | 43 | |
| Basic commands | 2 | |
| Build / train | 75 | |
| Enter build submenu | 15 | |
| Enter hero's abilities submenu | 7 | |
| Remove unit from queue | 1 | |
| Right click | 545 | |
| Select / deselect | 196 | |
| Select group hotkey | 441 | |
| Use ability | 88 | |
1413 total
» units
| Peasant | 29 | |
| Footman | 3 | |
| Dragonhawk Rider | 5 | |
| Gryphon Rider | 2 | |
39 total
» upgrades
| Masonry | 3 | |
| Lumber Harvesting | 2 | |
| Swords | 2 | |
| Armor | 2 | |
| Cloud | 1 | |
| Animal War Training | 1 | |
| Storm Hammers | 1 | |
12 total
» buildings
| Altar of Kings | 1 | |
| Barracks | 1 | |
| Farm | 7 | |
| Town Hall | 2 | |
| Scout Tower | 2 | |
| Arcane Vault | 1 | |
| Arcane Tower | 2 | |
| Lumber Mill | 1 | |
| Keep | 2 | |
| Blacksmith | 1 | |
| Gryphon Aviary | 3 | |
| Castle | 2 | |
25 total
» build order
00:07 Altar of Kings
00:20 Barracks
00:35 Farm
00:51 Farm
01:31 Farm
03:16 Town Hall
03:19 Scout Tower
03:32 Arcane Vault
04:32 Arcane Tower
05:52 Town Hall
05:54 Scout Tower
06:16 Lumber Mill
06:29 Keep
06:45 Arcane Tower
07:42 Blacksmith
08:50 Gryphon Aviary
08:51 Gryphon Aviary
09:37 Castle
09:37 Castle
11:09 Gryphon Aviary
11:16 Farm
11:16 Farm
11:16 Farm
11:17 Farm
22:09 Keep
» items
| Scroll of Regeneration | 4 | |
| Lesser Clarity Potion | 1 | |
| Potion of Healing | 1 | |
| Scroll of Town Portal | 3 | |
| Staff of Sanctuary | 1 | |
10 total

»
Mina_TheOne (
red | 33 APM | 677 actions | 20:24)
2 Shadow Hunter
1 Healing Wave
1 Hex
1 Dark Ranger
1 Black Arrow
» actions
| Assign group hotkey | 6 | |
| Basic commands | 48 | |
| Build / train | 50 | |
| ESC pressed | 2 | |
| Enter build submenu | 16 | |
| Enter hero's abilities submenu | 4 | |
| Give item / drop item | 3 | |
| Remove unit from queue | 5 | |
| Right click | 183 | |
| Select / deselect | 273 | |
| Select group hotkey | 8 | |
| Use ability | 79 | |
677 total
» units
| Peon | 8 | |
| Grunt | 1 | |
| Troll Headhunter/Berserker | 5 | |
| Wind Rider | 1 | |
| Tauren | 2 | |
| Shaman | 3 | |
20 total
» upgrades
| Spiked Barricades | 2 | |
| Armor | 1 | |
| Ranged Weapons | 2 | |
| Reinforced Defenses | 1 | |
| Envenomed Spears | 1 | |
| Pulverize | 1 | |
8 total
» buildings
| Barracks | 1 | |
| Altar of Storms | 1 | |
| Orc Burrow | 8 | |
| War Mill | 1 | |
| Stronghold | 1 | |
| Voodoo Lounge | 1 | |
| Fortress | 1 | |
| Beastiary | 2 | |
| Watch Tower | 1 | |
17 total
» build order
00:11 Barracks
00:20 Altar of Storms
00:24 Orc Burrow
01:20 War Mill
02:56 Stronghold
03:48 Orc Burrow
04:08 Voodoo Lounge
05:45 Orc Burrow
06:31 Fortress
06:37 Beastiary
07:18 Beastiary
08:26 Orc Burrow
09:27 Orc Burrow
10:24 Orc Burrow
11:32 Orc Burrow
11:41 Watch Tower
11:45 Orc Burrow
» items
| Dust of Appearance | 1 | |
| Circlet of Nobility | 1 | |
| Scroll of Town Portal | 1 | |
| Lesser Clarity Potion | 2 | |
| Scroll of Speed | 1 | |
| Potion of Healing | 4 | |
10 total

»
DiabloChicken (
yellow | 50 APM | 747 actions | 15:04)
3 Blademaster
2 Wind Walk
1 Critical Strike
» actions
| Assign group hotkey | 12 | |
| Build / train | 40 | |
| Enter build submenu | 26 | |
| Enter hero's abilities submenu | 3 | |
| Right click | 485 | |
| Select / deselect | 129 | |
| Select group hotkey | 18 | |
| Use ability | 34 | |
747 total
» units
| Peon | 10 | |
| Grunt | 10 | |
| Shaman | 3 | |
| Tauren | 1 | |
24 total
» upgrades
| Pillage | 1 | |
| Melee Weapons | 2 | |
| Armor | 1 | |
| Berserker Strength | 1 | |
| Spiked Barricades | 1 | |
| Shaman Training | 2 | |
8 total
» buildings
| Altar of Storms | 1 | |
| Orc Burrow | 6 | |
| Barracks | 2 | |
| War Mill | 1 | |
| Stronghold | 1 | |
| Voodoo Lounge | 2 | |
| Watch Tower | 4 | |
| Spirit Lodge | 2 | |
| Great Hall | 2 | |
| Fortress | 1 | |
| Tauren Totem | 2 | |
24 total
» build order
00:18 Altar of Storms
00:30 Orc Burrow
00:53 Barracks
00:59 Barracks
01:38 Orc Burrow
02:41 War Mill
03:31 Stronghold
04:01 Voodoo Lounge
04:04 Watch Tower
04:09 Voodoo Lounge
05:53 Watch Tower
06:58 Spirit Lodge
07:01 Spirit Lodge
07:08 Watch Tower
07:48 Orc Burrow
08:33 Orc Burrow
08:44 Great Hall
10:05 Fortress
10:21 Orc Burrow
11:02 Great Hall
11:25 Orc Burrow
12:59 Tauren Totem
13:04 Tauren Totem
13:48 Watch Tower
» items
| Scroll of Speed | 1 | |
| Orb of Lightning | 1 | |
2 total
team 2 (winner)

»
Bounty-Clown (
purple | 109 APM | 2503 actions | 23:01)
4 Blademaster
2 Wind Walk
2 Critical Strike
4 Shadow Hunter
2 Healing Wave
2 Hex
» actions
| Assign group hotkey | 44 | |
| Basic commands | 74 | |
| Build / train | 84 | |
| ESC pressed | 8 | |
| Enter build submenu | 28 | |
| Enter hero's abilities submenu | 8 | |
| Give item / drop item | 2 | |
| Right click | 1082 | |
| Select / deselect | 278 | |
| Select group hotkey | 764 | |
| Use ability | 131 | |
2503 total
» units
| Peon | 15 | |
| Grunt | 6 | |
| Kodo Beast | 1 | |
| Troll Witch Doctor | 2 | |
| Raider | 1 | |
| Troll Batrider | 8 | |
| Tauren | 2 | |
| Wind Rider | 1 | |
36 total
» upgrades
| Melee Weapons | 2 | |
| Berserker Strength | 1 | |
| War Drums Damage Increase | 1 | |
| Witch Doctor Training | 3 | |
| Ensnare | 1 | |
| Pulverize | 1 | |
| Pillage | 1 | |
| Reinforced Defenses | 1 | |
| Spiked Barricades | 1 | |
| Liquid Fire | 1 | |
13 total
» buildings
| Altar of Storms | 1 | |
| Orc Burrow | 6 | |
| Voodoo Lounge | 1 | |
| Barracks | 1 | |
| Stronghold | 3 | |
| War Mill | 1 | |
| Watch Tower | 12 | |
| Fortress | 2 | |
| Spirit Lodge | 1 | |
| Beastiary | 1 | |
| Tauren Totem | 1 | |
| Great Hall | 2 | |
32 total
» build order
00:08 Altar of Storms
00:19 Orc Burrow
01:07 Voodoo Lounge
01:35 Barracks
01:51 Orc Burrow
02:43 Stronghold
02:43 Stronghold
03:31 War Mill
04:06 Orc Burrow
04:41 Orc Burrow
04:51 Watch Tower
04:52 Watch Tower
05:59 Watch Tower
06:11 Fortress
06:11 Fortress
07:11 Spirit Lodge
07:12 Beastiary
09:40 Tauren Totem
10:18 Watch Tower
10:19 Watch Tower
10:20 Watch Tower
11:48 Great Hall
14:07 Watch Tower
15:21 Watch Tower
17:09 Great Hall
17:18 Orc Burrow
17:56 Watch Tower
17:57 Orc Burrow
20:14 Watch Tower
20:16 Watch Tower
20:17 Watch Tower
» items
| Healing Salve | 5 | |
| Lesser Clarity Potion | 1 | |
| Potion of Healing | 1 | |
| Orb of Lightning | 2 | |
| Scroll of Town Portal | 6 | |
| Staff of Teleportation | 1 | |
16 total
iFUC.KYOURSKULL (
orange | 105 APM | 2461 actions | 23:28)
5 Goblin Tinker
3 Pocket Factory
2 Engineering Upgrade
» actions
| Assign group hotkey | 62 | |
| Basic commands | 77 | |
| Build / train | 152 | |
| ESC pressed | 4 | |
| Enter build submenu | 45 | |
| Enter hero's abilities submenu | 5 | |
| Give item / drop item | 2 | |
| Right click | 1039 | |
| Select / deselect | 339 | |
| Select group hotkey | 577 | |
| Use ability | 159 | |
2461 total
» units
| Peasant | 13 | |
| Footman | 7 | |
| Gryphon Rider | 5 | |
| Dragonhawk Rider | 4 | |
29 total
» upgrades
| Masonry | 3 | |
| Swords | 3 | |
| Armor | 2 | |
| Storm Hammers | 1 | |
| Animal War Training | 1 | |
| Lumber Harvesting | 1 | |
| Cloud | 1 | |
12 total
» buildings
| Altar of Kings | 2 | |
| Barracks | 1 | |
| Farm | 8 | |
| Scout Tower | 24 | |
| Arcane Tower | 3 | |
| Lumber Mill | 1 | |
| Arcane Vault | 1 | |
| Guard Tower | 49 | |
| Keep | 4 | |
| Blacksmith | 1 | |
| Castle | 3 | |
| Gryphon Aviary | 4 | |
| Town Hall | 3 | |
104 total
» build order
00:39 Altar of Kings
00:44 Altar of Kings
00:47 Barracks
00:54 Farm
01:06 Farm
01:37 Farm
02:07 Farm
02:49 Farm
03:08 Scout Tower
03:37 Arcane Tower
03:38 Arcane Tower
03:41 Lumber Mill
04:37 Arcane Vault
06:41 Scout Tower
06:44 Scout Tower
07:21 Guard Tower
07:21 Guard Tower
07:22 Guard Tower
07:22 Keep
07:22 Keep
07:22 Keep
09:21 Blacksmith
09:55 Castle
09:55 Castle
09:55 Castle
10:01 Gryphon Aviary
10:02 Gryphon Aviary
10:30 Guard Tower
10:30 Guard Tower
10:30 Guard Tower
10:41 Guard Tower
10:41 Guard Tower
10:42 Guard Tower
11:26 Farm
11:31 Town Hall
11:33 Scout Tower
11:34 Scout Tower
11:35 Scout Tower
11:36 Scout Tower
11:37 Scout Tower
11:48 Town Hall
12:03 Guard Tower
12:04 Guard Tower
12:05 Scout Tower
12:06 Guard Tower
12:06 Guard Tower
12:07 Guard Tower
12:07 Guard Tower
12:10 Scout Tower
12:36 Guard Tower
12:37 Guard Tower
12:37 Guard Tower
12:38 Guard Tower
12:38 Guard Tower
12:38 Guard Tower
13:06 Guard Tower
13:06 Guard Tower
13:06 Guard Tower
13:09 Guard Tower
13:37 Town Hall
13:45 Guard Tower
13:45 Guard Tower
13:46 Guard Tower
13:47 Guard Tower
15:17 Guard Tower
15:17 Guard Tower
16:08 Guard Tower
16:08 Guard Tower
19:43 Gryphon Aviary
20:31 Gryphon Aviary
20:33 Scout Tower
20:36 Scout Tower
20:38 Scout Tower
21:27 Guard Tower
22:08 Farm
22:09 Farm
22:47 Scout Tower
22:48 Scout Tower
22:50 Scout Tower
22:52 Scout Tower
22:54 Scout Tower
22:55 Scout Tower
22:56 Scout Tower
22:59 Scout Tower
22:59 Scout Tower
23:01 Scout Tower
23:01 Scout Tower
23:20 Guard Tower
23:20 Guard Tower
23:20 Guard Tower
» items
| Boots of Speed | 1 | |
| Staff of Teleportation | 1 | |
| Scroll of Regeneration | 3 | |
| Mechanical Critter | 2 | |
| Lesser Clarity Potion | 2 | |
| Scroll of Town Portal | 2 | |
| Ivory Tower | 12 | |
| Potion of Invisibility | 1 | |
| Orb of Corruption | 1 | |
25 total
URNASTYNAB-TCH (
green | 50 APM | 1170 actions | 23:28)
6 Archmage
3 Summon Water Elemental
2 Brilliance Aura
1 Mass Teleport
» actions
| Assign group hotkey | 148 | |
| Basic commands | 60 | |
| Build / train | 56 | |
| Enter build submenu | 29 | |
| Enter hero's abilities submenu | 7 | |
| Remove unit from queue | 1 | |
| Right click | 425 | |
| Select / deselect | 232 | |
| Select group hotkey | 127 | |
| Use ability | 85 | |
1170 total
» units
| Peasant | 12 | |
| Footman | 4 | |
| Gryphon Rider | 7 | |
23 total
» upgrades
| Lumber Harvesting | 2 | |
| Storm Hammers | 1 | |
| Swords | 3 | |
| Cloud | 1 | |
| Armor | 3 | |
| Animal War Training | 1 | |
| Masonry | 2 | |
13 total
» buildings
| Altar of Kings | 1 | |
| Barracks | 1 | |
| Farm | 5 | |
| Arcane Vault | 1 | |
| Keep | 1 | |
| Town Hall | 2 | |
| Lumber Mill | 1 | |
| Castle | 1 | |
| Scout Tower | 26 | |
| Gryphon Aviary | 4 | |
| Blacksmith | 2 | |
| Guard Tower | 2 | |
47 total
» build order
00:52 Altar of Kings
00:54 Barracks
00:56 Farm
00:58 Farm
01:04 Farm
01:37 Farm
03:03 Arcane Vault
03:31 Keep
04:06 Town Hall
04:40 Lumber Mill
05:55 Castle
06:02 Scout Tower
06:04 Scout Tower
06:06 Scout Tower
06:08 Scout Tower
07:40 Gryphon Aviary
07:40 Gryphon Aviary
07:41 Gryphon Aviary
07:44 Gryphon Aviary
08:06 Farm
08:57 Blacksmith
11:51 Blacksmith
19:01 Town Hall
19:53 Scout Tower
19:54 Scout Tower
19:57 Scout Tower
19:57 Scout Tower
20:00 Scout Tower
20:01 Scout Tower
20:02 Scout Tower
20:03 Scout Tower
20:04 Scout Tower
20:05 Scout Tower
20:06 Scout Tower
20:08 Scout Tower
20:09 Scout Tower
20:10 Scout Tower
20:11 Scout Tower
20:12 Scout Tower
20:13 Scout Tower
20:16 Scout Tower
20:17 Scout Tower
20:19 Scout Tower
20:20 Scout Tower
20:21 Scout Tower
20:35 Guard Tower
20:46 Guard Tower
» items
| Scroll of Regeneration | 3 | |
| Scroll of Town Portal | 1 | |
| Periapt of Vitality | 1 | |
| Potion of Lesser Invulnerability | 1 | |
| Boots of Speed | 1 | |
| Potion of Healing | 1 | |
8 total

»
meowmeowmi (
pink | 66 APM | 1481 actions | 22:34)
5 Death Knight
3 Death Coil
2 Unholy Aura
3 Lich
2 Frost Nova
1 Frost Armor
» actions
| Assign group hotkey | 31 | |
| Build / train | 70 | |
| Enter build submenu | 36 | |
| Enter hero's abilities submenu | 8 | |
| Give item / drop item | 3 | |
| Remove unit from queue | 1 | |
| Right click | 531 | |
| Select / deselect | 289 | |
| Select group hotkey | 422 | |
| Use ability | 90 | |
1481 total
» units
| Acolyte | 10 | |
| Ghoul | 10 | |
| Crypt Fiend | 4 | |
| Obsidian Statue | 2 | |
| Frost Wyrm | 3 | |
29 total
» upgrades
| Backpack | 1 | |
| Creature Attack | 3 | |
| Creature Carapace | 1 | |
| Web | 1 | |
| Freezing Breath | 1 | |
| Destroyer Form | 1 | |
8 total
» buildings
| Crypt | 1 | |
| Ziggurat | 13 | |
| Altar of Darkness | 1 | |
| Graveyard | 2 | |
| Tomb of Relics | 1 | |
| Halls of the Dead | 5 | |
| Necropolis | 2 | |
| Black Citadel | 2 | |
| Sacrificial Pit | 1 | |
| Slaughterhouse | 1 | |
| Boneyard | 2 | |
| Spirit Tower | 2 | |
33 total
» build order
00:14 Crypt
00:19 Ziggurat
00:24 Altar of Darkness
01:00 Graveyard
01:06 Graveyard
01:26 Ziggurat
01:49 Tomb of Relics
03:05 Halls of the Dead
03:06 Halls of the Dead
03:06 Halls of the Dead
03:06 Halls of the Dead
05:10 Ziggurat
05:54 Necropolis
06:19 Black Citadel
06:31 Sacrificial Pit
06:51 Ziggurat
06:54 Ziggurat
08:10 Slaughterhouse
08:51 Boneyard
09:33 Ziggurat
09:36 Boneyard
09:38 Ziggurat
15:09 Necropolis
15:53 Spirit Tower
18:43 Ziggurat
18:44 Ziggurat
18:50 Ziggurat
18:52 Ziggurat
18:54 Ziggurat
18:57 Ziggurat
19:51 Spirit Tower
» items
| Rod of Necromancy | 2 | |
| Orb of Corruption | 1 | |
| Scroll of Town Portal | 6 | |
| Orb of Fire | 1 | |
| Scroll of Regeneration | 1 | |
| Lesser Clarity Potion | 1 | |
| Potion of Healing | 1 | |
13 total
Chat log
(00:12 / All) Bounty-Clown: hey man gl hf
(00:19 / All) iFUC.KYOURSKULL: GL HF FRIENDS!!!!!!
(00:21 / Allies) DiabloChicken: yo
(00:34 / Allies) xyzs: hey
(00:41 / Allies) xyzs: rifles gryphs
(00:45 / Allies) DiabloChicken: tauren hams grunts
(00:48 / Allies) DiabloChicken: shams
(01:03 / Allies) Mina_TheOne: riders
(02:03 / All) URNASTYNAB-TCH: John Wick is overrated schlock
(06:15 / Allies) Mina_TheOne: wow u suck
(06:21 / Allies) xyzs: u want it
(06:28 / Allies) Mina_TheOne: nope
(07:26 / All) URNASTYNAB-TCH: mina maphacker
(09:36 / Allies) Mina_TheOne: lumber plz..
(09:46 / Allies) Mina_TheOne: ty
(12:02 / Allies) Mina_TheOne: muther fukerse
(12:12 / Allies) Mina_TheOne: fuk me hate orc
(12:25 / All) URNASTYNAB-TCH: map hack doesn't make up for lack of skill, mina
(12:28 / Allies) DiabloChicken: hate this map
(12:32 / All) Mina_TheOne: o get over urself
(12:44 / All) URNASTYNAB-TCH: Hard to get over yourself when you're this great
(12:53 / All) Mina_TheOne: i beg to differ
(13:01 / All) Mina_TheOne: im pretty fukn skilled everyone know this
(13:05 / All) URNASTYNAB-TCH: beat ya feet and get out of here
(13:18 / All) URNASTYNAB-TCH: you're a trash map hacker
(13:20 / All) Mina_TheOne: fuk u n ur fat mom
(13:27 / All) Mina_TheOne: im not a maphacker at all
(13:34 / All) Mina_TheOne: i am just not stupid
(13:37 / All) URNASTYNAB-TCH: you admitted it LOL
(13:38 / All) Mina_TheOne: n dont care like i used to
(13:50 / Allies) xyzs: wood
(13:52 / Allies) xyzs: please
(14:01 / All) Mina_TheOne: everyone does
(14:04 / All) URNASTYNAB-TCH: Nah
(14:06 / All) xyzs: blue wwtf are you doing
(14:09 / All) Mina_TheOne: me u the bitch up the road
(14:10 / All) URNASTYNAB-TCH: maybe a quarter+
(14:16 / All) Mina_TheOne: we love to love wc huh baby
(14:34 / All) Mina_TheOne: nah i think ur spoutin % u kno nothin about
(14:35 / All) URNASTYNAB-TCH: mina at 0/0?
(14:39 / All) Mina_TheOne: im the cure
(14:55 / All) Mina_TheOne: i won a long time ago
(15:01 / All) URNASTYNAB-TCH: lol
(15:12 / All) iFUC.KYOURSKULL: finally
(15:15 / All) iFUC.KYOURSKULL: that moron leaves
(15:28 / Allies) Mina_TheOne: sry guys i just place first in the 3 games in a row i get unlucky with orc
(15:42 / Allies) xyzs: i dont blame you
(16:01 / Allies) Mina_TheOne: i do
(16:46 / All) URNASTYNAB-TCH: ez mode
(16:54 / All) xyzs: ur cool
(16:58 / All) URNASTYNAB-TCH: lol
(17:04 / All) URNASTYNAB-TCH: thanks
(17:24 / All) xyzs: have you guys even fought blue yet
(17:33 / All) URNASTYNAB-TCH: why would we
(17:47 / All) xyzs: cause he would have helped the two bases you destroyed......
(17:57 / All) Mina_TheOne: i know u have way more fun being a troll then playin fair thats obv
(18:19 / All) URNASTYNAB-TCH: I know you have more fun map hakcing than playing fair
(18:29 / All) Mina_TheOne: maphack is awesome
(18:35 / All) Mina_TheOne: i love whoever gave it to me
(18:39 / All) iFUC.KYOURSKULL: doesn't help a player on your level
(18:45 / All) URNASTYNAB-TCH: lol true dat
(18:56 / All) URNASTYNAB-TCH: Your allies were trash jacob
(18:57 / All) xyzs: blue youre useless
(19:01 / All) Mina_TheOne: thats how i can sleep at nite
(19:20 / All) iFUC.KYOURSKULL: I was hoping to get level 6
(19:22 / All) iFUC.KYOURSKULL: for mechagoblin
(20:11 / Allies) Mina_TheOne: ya thats kinda weird
(20:23 / Allies) Mina_TheOne: lol gg cept for mh
(21:42 / All) meowmeowmi: can i ask why?
(21:43 / All) URNASTYNAB-TCH: stop running you're only going to end up with a dick in yoru ass
(22:31 / All) meowmeowmi: have fun cunt
(22:57 / All) Bounty-Clown: gg wp guys
(22:58 / All) Bounty-Clown: Lol
(23:09 / All) iFUC.KYOURSKULL: that was easy
(23:13 / All) BIGBABOON: yes it was
(23:14 / All) URNASTYNAB-TCH: mina lose?
(23:18 / All) URNASTYNAB-TCH: mher
(23:23 / All) BIGBABOON: ok